 Dungeon Crawl Stone Soup version 0.19-a0-1851-g3228ea0 (webtiles) character file.

1673 Alarkh the Magician (level 8, 0/52 HPs)
             Began as a Mummy Fire Elementalist on Oct 10, 2016.
             Was a Believer of Okawaru.
             Slain by Nuatha's ghost (2 damage)
             ... on level 7 of the Dungeon.
             The game lasted 00:14:16 (8401 turns).

Alarkh the Magician (Mummy Fire Elementalist)       Turns: 8401, Time: 00:14:17

Health: 0/52       AC:  2    Str: 11    XL:     8   Next: 70%
Magic:  11/16      EV: 12    Int: 17    God:    Okawaru [**....]
Gold:   284        SH:  0    Dex: 12    Spells: 3 memorised, 10 levels left

rFire  x . .     SeeInvis +     a - +2 scimitar (protect)
rCold  + . .     Gourm    .     n - +0 robe
rNeg   + + +     Faith    .     (no shield)
rPois  ∞         Spirit   .     (no helmet)
rElec  .         Dismiss  .     (no cloak)
rCorr  +         Reflect  .     (no gloves)
MR     +....     Harm     .     (no boots)
Stlth  ++........               (no amulet)
                                p - ring of resist corrosion
                                i - ring of see invisible

@: no status effects
A: no food or potions, fire vulnerability, cold resistance 1, negative energy
resistance 3, torment resistance, unbreathing
a: Heroism, Renounce Religion


You were on level 7 of the Dungeon.
You worshipped Okawaru.
Okawaru was pleased with you.
You were not hungry.

You visited 2 branches of the dungeon, and saw 8 of its levels.

You collected 284 gold pieces.

Inventory:

Hand Weapons
 a - a +2 scimitar of protection (weapon)
 b - a +1 whip of electrocution
 c - a +0 short sword
 l - a +0 flail
Armour
 n - a +0 robe (worn)
Magical Staves
 h - an uncursed staff of summoning
Jewellery
 i - a ring of see invisible (left hand)
 p - a ring of resist corrosion (right hand)
Scrolls
 d - a scroll of random uselessness
 e - a scroll of identify
 f - a scroll of immolation
 g - 3 scrolls of remove curse
 j - 2 scrolls of blinking {unknown}
 k - 2 scrolls of recharging
 o - 2 scrolls of enchant weapon
Books
 m - a book of Flames

   Spells                             Type                      Level
   a - Flame Tongue                   Conjuration/Fire             1
   b - Throw Flame                    Conjuration/Fire             2
   c - Conjure Flame                  Conjuration/Fire             3
   d - Inner Flame                    Hexes/Fire                   3
   e - Sticky Flame                   Conjuration/Fire             4
   f - Fireball                       Conjuration/Fire             5


   Skills:
 * Level 4.1 Long Blades
 - Level 1.5 Dodging
 - Level 1.5 Stealth
 + Level 5.5 Spellcasting
 + Level 4.5 Conjurations
 + Level 5.3 Fire Magic


You had 10 spell levels left.
You knew the following spells:

 Your Spells              Type           Power        Failure   Level  Hunger
a - Flame Tongue          Conj/Fire      ###..        1%          1    N/A
c - Sticky Flame          Conj/Fire      ###.....     21%         4    N/A
e - Conjure Flame         Conj/Fire      ###.....     8%          3    N/A

Dungeon Overview and Level Annotations

Branches:
Dungeon (7/15)             Temple (1/1) D:5

Altars:
Ashenzari
Cheibriados
Dithmenos
Elyvilon
Fedhas
Gozag
Hepliaklqana
Kikubaaqudgha
Makhleb
Nemelex Xobeh
Okawaru
Qazlal
Ru
Sif Muna
Trog
Uskayaw
Vehumet
Xom
Yredelemnul
Zin
The Shining One

Shops:
D:4 =

Annotations:
D:7 Nuatha's ghost, novice SpAs


Innate Abilities, Weirdness & Mutations

You do not eat or drink.
Your flesh is vulnerable to fire.
You are immune to poison.
Your flesh is cold resistant. (rC+)
You are immune to negative energy. (rN+++)
You are immune to unholy pain and torment.
You can survive without breathing.


Message History

Nuatha's ghost turns its malevolent gaze towards you.
The centaur burns!
The centaur hits you.
* * * LOW HITPOINT WARNING * * *
Casting: Flame Tongue
Confirm with . or Enter, or press ? or * to list all spells.
Aiming: Flame Tongue
Press: ? - help, Shift-Dir - straight line, f/p - centaur
Aim: a centaur (almost dead, covered in liquid flames)
The flame tongue hits the centaur.
You kill the centaur!
Okawaru accepts your kill.
Nuatha's ghost hits you but does no damage.
Nuatha's ghost hits you.
* * * LOW HITPOINT WARNING * * *
Okay, then.
Nuatha's ghost hits you.
* * * LOW HITPOINT WARNING * * *
Nuatha's ghost stares at you. Nuatha's ghost hits you.
You die...

##...####........#
###.......#......(#
#<....†.#.#.......####)###
#.#.##..#.#.....)^.......
#.#.....#.#####.#####..##
#.#..##.#.# #)#####..#
#.#..##.#.# #†##.....#
#.........### #(##.##.#
####.#...@W.# #.).....#
#.#.####.# ##.###.##
.....##.###.## ##.#
#.#.#........# #.#
###.####.###.## ##.# #.
#.# ##.###.## ..# ##...##
#### #####


You could see Nuatha's ghost.

Vanquished Creatures
  The ghost of Nuatha the Covert, a novice SpAs (D:4)
  2 orc warriors (D:5)
  2 centaurs
  2 bullfrogs (D:6)
  A scorpion (D:6)
  A howler monkey (D:5)
  2 crimson imps
  3 hounds
  3 jellies
  3 orc wizards
  A bullfrog zombie (D:6)
  An orc priest (D:5)
  A bullfrog skeleton (D:6)
  A gnoll shaman (D:4)
  2 iguanas
  5 worker ants
  8 adders
  5 gnolls
  2 shadow imps
  2 oozes
  An adder zombie (D:6)
  An adder skeleton (D:4)
  2 worms
  6 leopard geckos
  25 orcs
  7 bats
  5 giant cockroaches
  8 goblins
  7 hobgoblins
  3 jackals (D:5)
  5 kobolds
  A ball python (D:5)
  4 frilled lizards
  A jackal skeleton (D:6)
  8 rats
132 creatures vanquished.

Vanquished Creatures (others)
  A worker ant zombie (D:5)
1 creature vanquished.

Grand Total: 133 creatures vanquished

Notes
Turn   | Place    | Note
-------+----------+-------------------------------------------
     0 | D:1      | Alarkh the Mummy Fire Elementalist began the quest for the Orb.
     0 | D:1      | Reached XP level 1. HP: 13/13 MP: 3/3
    85 | D:1      | Reached skill level 1 in Conjurations
   419 | D:1      | Reached XP level 2. HP: 9/19 MP: 0/5
  1090 | D:2      | Reached XP level 3. HP: 24/24 MP: 2/6
  1135 | D:2      | Found a bloodstained altar of Trog.
  1942 | D:3      | Reached XP level 4. HP: 30/30 MP: 5/7
  2055 | D:3      | Learned a level 3 spell: Conjure Flame
  2060 | D:3      | Learned a level 4 spell: Sticky Flame
  2610 | D:4      | Found a burning altar of Makhleb.
  2611 | D:4      | Found a white marble altar of Elyvilon.
  2629 | D:4      | Noticed Nuatha's ghost (novice SpAs)
  2644 | D:4      | Found a hide-covered altar of Uskayaw.
  2805 | D:4      | Found Aghigh's Jewellery Emporium.
  2874 | D:4      | Reached XP level 5. HP: 33/35 MP: 3/9
  3269 | D:4      | Found a shadowy altar of Dithmenos.
  5026 | D:5      | Entered Level 5 of the Dungeon
  5038 | D:5      | Reached XP level 6. HP: 20/41 MP: 0/11
  5427 | D:5      | Found a staircase to the Ecumenical Temple.
  5429 | D:5      | Noticed an orc warrior
  5609 | D:5      | Killed an orc warrior
  5942 | Temple   | Entered the Ecumenical Temple
  6107 | Temple   | Became a worshipper of Warmaster Okawaru
  6174 | D:5      | Reached XP level 7. HP: 37/46 MP: 4/13
  6368 | D:5      | Reached skill level 1 in Long Blades
  6409 | D:5      | Found a stormy altar of Qazlal.
  6720 | D:4      | Killed Nuatha's ghost
  6720 | D:4      | Reached * piety under Okawaru
  6765 | D:6      | Reached XP level 8. HP: 44/52 MP: 13/15
  6932 | D:6      | Reached skill level 5 in Fire Magic
  6990 | D:6      | Found a shattered altar of Ashenzari.
  6992 | D:6      | Reached skill level 5 in Spellcasting
  7583 | D:6      | HP: 1/52 [orc warrior/scimitar (18)]
  7904 | D:6      | Reached ** piety under Okawaru
  8391 | D:7      | Noticed Nuatha's ghost (novice SpAs)
  8398 | D:7      | HP: 1/52 [Nuatha's ghost (3)]
  8401 | D:7      | Slain by Nuatha's ghost

Vault maps used:
D:1:      evilmike_arrival_rings
D:2:      bloody_trog
D:3:      corexii_shack_village, first_bread
D:4:      gammafunk_temple_overflow_claw, serial_shops, kennysheep_little_box,
          grunt_dithmenos_shadows
D:5:      serial_bayou_pond_d, nicolae_qazlal_eye_of_the_storm
D:6:      lemuel_crystal_altar, grunt_decor_clamped, grunt_ministairs_14
D:7:      serial_shops, shop, okawaru_gym_becter, uniq_duvessa, uniq_menkaure
Temple:   regret_index_temple_sphere_string

Skill      XL: |  1  2  3  4  5  6  7  8 |
---------------+-------------------------+-----
Conjurations   | 1 2 3 4 |  4.5
Fire Magic     | 3 4 5 |  5.3
Spellcasting   | 3 4 5 |  5.5
Long Blades    | 2 4 |  4.1
Dodging        | |  1.5
Stealth        | |  1.5

Action                   |  1- 3 |  4- 6 |  7- 9 || total
-------------------------+-------+-------+-------++-------
Melee: Short sword       |    37 |    20 |       ||    57
       Unarmed           |     2 |       |       ||     2
       Whip              |       |     1 |       ||     1
       Scimitar          |       |       |    49 ||    49
 Cast: Flame Tongue      |    69 |   150 |   118 ||   337
       Conjure Flame     |       |     3 |     1 ||     4
       Sticky Flame      |       |     3 |     4 ||     7
  Use: Scroll            |       |     4 |     3 ||     7
 Stab: Sleeping          |     1 |     2 |     1 ||     4
Armor: Robe              |    20 |    18 |    28 ||    66
Dodge: Dodged            |    49 |    85 |    68 ||   202
       Rpst.: Scimitar   |       |     1 |    26 ||    27
